 Dungeon Crawl Stone Soup version 0.26-a0-665-gefeb406119 (webtiles) character file.

Game seed: 14860053611856295906

5014 jasper the Carver (level 10, -4/53 HPs)
             Began as a Vine Stalker Brigand on Oct 13, 2020.
             Was a Believer of Dithmenos.
             Collided with a rock wall (5 damage)
             ... caused by Erica
             ... on level 8 of the Dungeon.
             The game lasted 00:15:35 (8608 turns).

jasper the Carver (Vine Stalker Brigand)            Turns: 8608, Time: 00:15:36

Health: -4/53      AC:  8    Str: 15    XL:     10   Next: 54%
Magic:  0/20       EV: 14    Int: 11    God:    Dithmenos [**....]
Gold:   340        SH:  0    Dex: 18    Spells: 9/9 levels left

rFire    x . .     SeeInvis .   C - +2 long sword (holy)
rCold    + . .     Faith    .   (no shield)
rNeg     . . .     Spirit   +   g - +0 ring mail
rPois    .         Reflect  .   d - +0 helmet
rElec    .         Harm     .   c - +0 cloak
rCorr    .         Rampage  .   (no gloves)
MR       +....                  (no boots)
Stlth    +++.......             (no amulet)
HPRegen  0.57/turn              s - ring of ice
MPRegen  0.17/turn              D - ring of magical power

@: lethally poisoned (-4 -> -7), slowed, wreathed by umbra, very slow
A: fangs 3, regeneration 1, magic shield, antimagic bite, no potion heal 3, rot
immunity
a: Shadow Step, Renounce Religion


You were on level 8 of the Dungeon.
You worshipped Dithmenos.
Dithmenos was pleased with you.
You visited 2 branches of the dungeon, and saw 9 of its levels.

You collected 561 gold pieces.
You spent 221 gold pieces at shops.

Inventory:

Hand Weapons
 a - a +2 dagger
 q - a +0 falchion
 x - a +0 long sword
 C - a +2 long sword of holy wrath (weapon)
 F - a +5 great sword
 L - a +0 rapier of holy wrath
Missiles
 t - 4 boomerangs
 w - 51 poisoned darts (quivered)
 J - 6 datura-tipped darts
Armour
 b - a +0 robe
 c - a +0 cloak (worn)
 d - a +0 helmet (worn)
 g - a +0 ring mail (worn)
 H - a +0 cloak
Jewellery
 s - a ring of ice (left hand)
 D - a ring of magical power (right hand)
Wands
 E - a wand of iceblast (9)
 G - a wand of random effects (22)
 I - a wand of polymorph (6)
 K - a wand of digging (6)
 N - a wand of enslavement (11)
Scrolls
 f - 5 scrolls of remove curse
 i - 3 scrolls of amnesia
 k - 4 scrolls of magic mapping
 n - 2 scrolls of enchant weapon
 o - a scroll of random uselessness
 p - 3 scrolls of teleportation {unknown}
 y - a scroll of acquirement {unknown}
 z - a scroll of fog {unknown}
Potions
 e - 2 potions of stabbing
 h - a potion of brilliance {unknown}
 j - 2 potions of cancellation
 l - 2 potions of ambrosia
 m - a potion of might
 r - 2 potions of curing
 u - a potion of haste
 v - a potion of degeneration {unknown}
 A - a potion of heal wounds {unknown}
 B - a potion of resistance {unknown}
 M - a potion of mutation {unknown}
 O - a potion of lignification {unknown}
 P - a potion of flight {unknown}


   Skills:
 - Level 6.0 Fighting
 - Level 1.7(6.3) Short Blades
 * Level 9.6(9.7) Long Blades
 - Level 1.7 Throwing
 - Level 5.0 Armour
 - Level 5.1 Dodging
 - Level 5.7 Stealth


You had 9 spell levels left.
You didn't know any spells.
Your spell library contained the following spells:

 Spells                   Type           Power        Failure   Level
 Animate Skeleton         Necr           #.....       54%         1
 Apportation              Tloc           #.....       54%         1
 Corona                   Hex            #......      54%         1
 Shock                    Conj/Air       #...         54%         1
 Summon Small Mammal      Summ           #...         54%         1
 Swiftness                Air            #.......     69%         2
 Static Discharge         Conj/Air       #.......     89%         3
 Airstrike                Air            #.........   100%        4
 Lightning Bolt           Conj/Air       #.........   100%        5


Dungeon Overview and Level Annotations

Branches:
Dungeon (8/15)             Temple (1/1) D:6
   Lair: D:8-11

Altars:
Ashenzari
Cheibriados
Dithmenos
Elyvilon
Fedhas
Gozag
Hepliaklqana
Kikubaaqudgha
Makhleb
Nemelex Xobeh
Okawaru
Qazlal
Ru
Sif Muna
Trog
Uskayaw
Vehumet
Wu Jian
Xom
Yredelemnul
Zin
The Shining One

Shops:
D:5 =(*:

Annotations:
D:8 Erica


Innate Abilities, Weirdness & Mutations

You have razor-sharp teeth.
Your natural rate of healing is unusually fast.
When hurt, damage is shared between your health and your magic reserves.
Your bite disrupts and absorbs the magic of your enemies.
Potions cannot restore your health.
You are immune to rotting.


Message History

You take 4 damage, and have 35/53 hp.
You now have 13/20 mp.
The hound closely misses you.
You riposte.
You hit the hound.
The hound is lightly wounded.
Something hits you! Something burns you.
You take 5 damage, and have 30/53 hp.
You now have 11/20 mp.
The hound bites you but does no damage.
The phantom falters for a moment.
The hound barely misses you.
The hound pauses to sniff the ground.
You hear some strange, mumbled words.
A bolt of poison appears from out of thin air!
The bolt of poison hits you!!
You are poisoned.
The hound closely misses you.
You hear some strange, mumbled words.
A lance of force appears from out of thin air!
The lance of force hits you!!
* * * LOW HITPOINT WARNING * * *
You are knocked back by the lance of force.
You slam into the rock wall!
You die...

#.#....#.# #......#.#
######.###.#### ###########
......<......(###..........
.#########.##.#.......####
.# #......##.#..>.....#
.####.#######.#.p......#
.##.......# #.##h~.###.#
.##.......# #.##@..# #.# #
.##.......# #)##...#
#.####(... .####.#####
#)##...# #....@.... .# #.#
#)[....# ##........ .# #.#
#..##.## #........ .#
#.#######..#########.###.##
.# #........(........ .) #
.####...######.......# ..#
...................... ...


You could see a phantom and a hound.

Vanquished Creatures
  Pikel (D:5)
  Psyche (D:8)
  A warg (D:7)
  2 ice beasts
  2 orc warriors
  A sky beast (D:5)
  2 black bears (D:6)
  6 ogres
  4 centaurs
  A big kobold (D:8)
  Blork the orc (D:5)
  A bullfrog (D:6)
  A wyvern zombie (D:6)
  3 scorpions
  4 killer bees
  6 wights
  6 howler monkeys
  A bullfrog zombie (D:7)
  A bullfrog skeleton (D:6)
  7 hounds
  Crazy Yiuf (D:6)
  A centaur zombie (D:6)
  7 orc priests
  A centaur skeleton (D:4)
  9 orc wizards
  3 gnoll shamans
  An iguana (D:6)
  8 worker ants
  A killer bee zombie (D:5)
  A hound skeleton (D:4)
  12 gnolls
  18 adders
  3 shadow imps
  2 white imps (D:5)
  An ufetubus (D:5)
  An ooze (D:3)
  An adder skeleton (D:4)
  A worm (D:2)
  2 dart slugs
  7 leopard geckos
  27 orcs
  4 giant cockroaches
  8 goblins
  16 hobgoblins
  11 jackals
  7 quokkas
  5 bats
  6 frilled lizards
  13 kobolds
  8 rats
238 creatures vanquished.

Vanquished Creatures (others)
  48 plants
48 creatures vanquished.

Grand Total: 286 creatures vanquished

Notes
Turn   | Place    | Note
-------+----------+-------------------------------------------
     0 | D:1      | jasper the Vine Stalker Brigand began the quest for the
                  | Orb.
     0 | D:1      | Reached XP level 1. HP: 11/11 MP: 2/2
   421 | D:1      | Reached skill level 1 in Dodging
   498 | D:1      | Reached skill level 5 in Stealth
   498 | D:1      | Reached XP level 2. HP: 15/15 MP: 3/3
  1354 | D:2      | Reached XP level 3. HP: 18/18 MP: 4/4
  1398 | D:2      | Reached skill level 1 in Armour
  1590 | D:2      | Gained mutation: Your natural rate of healing is unusually
                  | fast. [Vine Stalker growth]
  1590 | D:2      | Reached XP level 4. HP: 20/23 MP: 3/5
  2249 | D:2      | Found a radiant altar of Vehumet.
  2685 | D:2      | Reached XP level 5. HP: 27/27 MP: 4/6
  2786 | D:3      | Found a shimmering altar of Xom.
  2787 | D:3      | Found a shimmering altar of Xom.
  2974 | D:3      | Reached skill level 1 in Long Blades
  3448 | D:4      | Reached XP level 6. HP: 26/32 MP: 4/7
  3524 | D:3      | Reached skill level 2 in Long Blades
  3829 | D:4      | Reached XP level 7. HP: 29/36 MP: 8/8
  4037 | D:4      | Reached skill level 3 in Long Blades
  4536 | D:5      | Entered Level 5 of the Dungeon
  4659 | D:5      | Gained mutation: You have razor-sharp teeth. [Vine Stalker
                  | growth]
  4659 | D:5      | Reached XP level 8. HP: 31/42 MP: 9/9
  4732 | D:5      | Found Moyqinue's Assorted Antiques.
  4734 | D:5      | Noticed Pikel
  4781 | D:5      | Killed Pikel
  4781 | D:5      | Reached skill level 4 in Long Blades
  4798 | D:4      | Reached skill level 5 in Long Blades
  5215 | D:5      | Bought a scroll labeled FAHOUSHR CUTUTS for 34 gold pieces
  5215 | D:5      | Bought a long sword for 119 gold pieces
  5215 | D:5      | Bought a scroll labeled WEOTORO YRITH for 34 gold pieces
  5215 | D:5      | Bought a scroll labeled JITROCZOXU for 34 gold pieces
  5312 | D:5      | Reached skill level 5 in Fighting
  5312 | D:5      | Reached XP level 9. HP: 39/47 MP: 10/10
  5428 | D:5      | Found Wedayf's Jewellery Shoppe.
  5433 | D:5      | Found Eggitoin's Antique Weapon Emporium.
  5500 | D:5      | Found Siex's Book Shop.
  5748 | D:5      | Noticed Blork the orc
  5764 | D:5      | Killed Blork the orc
  5792 | D:6      | Reached skill level 6 in Long Blades
  5832 | D:6      | Found a glowing golden altar of the Shining One.
  5843 | D:6      | Found a staircase to the Ecumenical Temple.
  5898 | Temple   | Entered the Ecumenical Temple
  6201 | Temple   | Became a worshipper of Dithmenos the Shadowed
  6395 | D:6      | Found a glowing golden altar of the Shining One.
  6453 | D:6      | Found a runed translucent door.
  6454 | D:6      | Noticed Crazy Yiuf
  6717 | D:6      | Reached * piety under Dithmenos
  6959 | D:6      | Killed Crazy Yiuf
  7101 | D:6      | Reached skill level 7 in Long Blades
  7124 | D:7      | Reached skill level 5 in Dodging
  7165 | D:6      | Reached skill level 5 in Armour
  7246 | D:7      | Reached XP level 10. HP: 48/53 MP: 9/11
  7488 | D:7      | Reached skill level 8 in Long Blades
  7569 | D:7      | Reached ** piety under Dithmenos
  7723 | D:7      | Found a bloodstained altar of Trog.
  8005 | D:7      | Reached skill level 9 in Long Blades
  8405 | D:8      | Noticed Psyche
  8416 | D:8      | Killed Psyche
  8584 | D:8      | Noticed Erica
  8608 | D:8      | HP: 1/53 [something/lance of force (18)]
  8608 | D:8      | Collided with a rock wall

Illustrated notes

Levels and vault maps discovered:
D:1:      dpeg_arrival_houses_and_road, layout_basic, minivault_19,
          minmay_misc_feat_four_crosses
D:2:      layout_basic, lemuel_doored_altar
D:3:      layout_basic, xom_redecorated
D:4:      layout_basic, serial_bayou, serial_bayou_pond_d, serial_bayou_ford_a,
          serial_bayou_shore_b, serial_bayou_pond_b, roderic_roman_lattice,
          minmay_misc_feat_pillars
D:5:      cheibrodos_fzero, layout_basic, serial_shops, shop_statue, shop,
          nicolae_shop_trees, nicolae_shop_overgrown_old_shop, uniq_pikel,
          uniq_blork_the_orc
D:6:      layout_loops_ring, minmay_temple_entry_proselytizer, basic_altar,
          chequers_avenue, tso_altar, uniq_crazy_yiuf_cottage
D:7:      kennysheep_housing_project, layout_basic, basic_altar
D:8:      layout_basic, gammafunk_ghost_arena, serial_shops, nicolae_shop_trees,
          uniq_erica, uniq_psyche
Temple:   regret_index_temple_sigil_plot

Skill      XL: |  1  2  3  4  5  6  7  8  9 10 |
---------------+-------------------------------+-----
Dodging        | 1 2 3 4 5 |  5.1
Stealth        | 5 |  5.7
Fighting       | 2 3 4 5 6 |  6.0
Armour         | 1 2 3 4 5 |  5.0
Long Blades    | 1 2 3 5 7 9 |  9.6
Short Blades   | |  1.7
Throwing       | |  1.7

Action                   |  1- 3 |  4- 6 |  7- 9 | 10-12 || total
-------------------------+-------+-------+-------+-------++-------
Melee: Dagger            |    59 |   217 |    78 |       ||   354
       Bite              |    12 |    64 |   137 |    62 ||   275
       Falchion          |       |       |    98 |       ||    98
       Long sword        |       |       |   156 |   164 ||   320
Throw: Dart              |    28 |    48 |    91 |     3 ||   170
       Boomerang         |       |       |    12 |       ||    12
Evoke: Wand              |       |       |     1 |     2 ||     3
  Use: Scroll            |       |       |       |    12 ||    12
 Stab: Sleeping          |       |     7 |     4 |     4 ||    15
       Distracted        |       |       |     2 |       ||     2
Armor: Robe              |     3 |       |       |       ||     3
       Ring mail         |    18 |    86 |    98 |    42 ||   244
Dodge: Dodged            |    55 |   126 |   269 |   142 ||   592
       Rpst.: Falchion   |       |       |    23 |       ||    23
       Long sword        |       |       |    47 |    44 ||    91

Table legend: (Time is in decaauts)
 A = Elapsed time spent in this place.
 B = Non-inter-level travel time spent in this place.
 C = Inter-level travel time spent in this place.
 D = Time resting spent in this place.
 E = Time spent auto-exploring this place.
 F = Levels seen in this place.
 G = Mean time per level.
                   A        B        C        D        E       F      G
               +--------+--------+--------+--------+--------+-----+--------+
         Total |   8605 |   8331 |    274 |    483 |   5844 |   9 |  956.1 |
       Dungeon |   8288 |   8042 |    246 |    483 |   5586 |   8 | 1036.0 |
        Temple |    317 |    289 |     28 |      0 |    258 |   1 |  317.0 |
               +--------+--------+--------+--------+--------+-----+--------+

Top non-repeatable levels by time:
     D:1: 1310 daAuts
     D:7: 1186 daAuts
     D:2: 1184 daAuts
     D:5: 1132 daAuts
     D:4: 1106 daAuts
     D:6: 1103 daAuts
     D:3: 1036 daAuts
  Temple: 317 daAuts
     D:8: 227 daAuts
